 Dungeon Crawl Stone Soup version 0.29.1-1-gd02db6906a (webtiles) character file.

Game seed: 253524792283786786

47 jamesp the Grasshopper (level 3, -4/31 HPs)
             Began as a Gnoll Warper on Sept 15, 2022.
             Slain by an iguana (7 damage)
             ... on level 3 of the Dungeon.
             The game lasted 00:05:07 (1591 turns).

jamesp the Grasshopper (Gnoll Warper)               Turns: 1591, Time: 00:05:07

Health: -4/31      AC:  5    Str: 14    XL:     3   Next: 70%
Magic:  6/9        EV: 27    Int: 12    God:
Gold:   85         SH:  0    Dex: 11    Spells: 10/12 levels left

rFire   . . .      SeeInvis .   a - +0 spear
rCold   + . .      Faith    .   (no shield)
rNeg    . . .      Spirit   .   b - +0 leather armour
rPois   +          Reflect  .   (no helmet)
rElec   +          Harm     .   (no cloak)
rCorr   .          Rampage  .   (no gloves)
Will    .....                   p - +1 pair of boots
Stlth   +.........              s - amulet of Amelioration {Acrobat *Slow rElec rPois Str+2}
HPRegen 0.10/turn               j - ring of protection from cold
MPRegen 0.11/turn               (no ring)

@: acrobatic
A: fangs 1, strong nose, distributed training
a: no special abilities


You were on level 3 of the Dungeon.
You visited 1 branch of the dungeon, and saw 3 of its levels.

You collected 85 gold pieces.

Inventory:

Hand Weapons
 a - a +0 spear (weapon)
Missiles
 d - 7 boomerangs of dispersal
 e - 6 boomerangs
 m - 11 stones (quivered)
Armour
 b - a +0 leather armour (worn)
 p - a +1 pair of boots (worn)
Jewellery
 i - an amulet of the acrobat
 j - a ring of protection from cold (left hand)
 s - the amulet of Amelioration (around neck) {Acrobat *Slow rElec rPois Str+2}
   (You found it on level 2 of the Dungeon)

   [amulet of the acrobat]

   It increases your evasion while moving and waiting.
   Str:       It affects your strength (+2).
   rElec:     It insulates you from electricity.
   rPois:     It protects you from poison.
   *Slow:     It may slow you when you take damage.
Scrolls
 c - a scroll of blinking
 g - a scroll of fog {unknown}
 h - a scroll of enchant weapon {unknown}
 l - 2 scrolls of noise
 o - a scroll of identify {unknown}
 r - 2 scrolls of enchant armour
 t - a scroll of magic mapping {unknown}
 u - a scroll of amnesia {unknown}
Potions
 f - a potion of haste {unknown}
 k - a potion of curing {unknown}
 n - a potion of flight {unknown}
 q - a potion of heal wounds {unknown}


   Skills:
 + Level 4.6 Fighting
 + Level 1.0 Short Blades
 + Level 1.0 Long Blades
 + Level 1.0 Axes
 + Level 1.0 Maces & Flails
 + Level 4.6 Polearms
 + Level 1.0 Staves
 + Level 1.0 Ranged Weapons
 + Level 2.6 Throwing
 + Level 2.6 Armour
 + Level 4.6 Dodging
 + Level 1.0 Stealth
 + Level 1.0 Shields
 + Level 1.0 Unarmed Combat
 + Level 5.0 Spellcasting
 + Level 0.7 Conjurations
 + Level 0.7 Hexes
 + Level 0.7 Summonings
 + Level 0.7 Necromancy
 + Level 5.4 Translocations
 + Level 0.7 Transmutations
 + Level 0.7 Fire Magic
 + Level 0.7 Ice Magic
 + Level 0.7 Air Magic
 + Level 0.7 Earth Magic
 + Level 0.7 Poison Magic
 + Level 1.0 Invocations
 + Level 1.0 Evocations


You had 10 spell levels left.
You knew the following spells:

 Your Spells              Type           Power      Damage    Failure   Level
a - Blink                 Tloc           32%        N/A       4%          2

Your spell library contained the following spells:

 Spells                   Type           Power      Damage    Failure   Level
 Gell's Gravitas          Tloc           16%        N/A       8%          3
 Lesser Beckoning         Tloc           16%        N/A       8%          3
 Teleport Other           Tloc           16%        N/A       8%          3
 Manifold Assault         Tloc           16%        N/A       58%         5


Dungeon Overview and Level Annotations

Branches:
Dungeon (3/15)

Altars:


Innate Abilities, Weirdness & Mutations

You have very sharp teeth.
Your uncanny sense of smell can sniff out nearby items.
Your experience applies equally to all skills.


Message History

The iguana is lightly wounded.
The iguana barely misses you.
You hit the iguana.
The iguana is moderately wounded.
The iguana bites you!
You hit the iguana.
The iguana is severely wounded.
The iguana barely misses you.
You closely miss the iguana.
The iguana is severely wounded.
The iguana bites you!
* * * LOW HITPOINT WARNING * * *
You hit the iguana.
The iguana is almost dead.
You hit the iguana but do no damage.
The iguana is almost dead.
The iguana bites you.
* * * LOW HITPOINT WARNING * * *
Okay, then.
Casting: Blink (safe; 4% risk of failure)
Confirm with . or Enter, or press ? or * to list all spells.
You don't know that spell.
Casting: Blink (safe; 4% risk of failure)
Confirm with . or Enter, or press ? or * to list all spells.
You blink.
Found a scroll labelled ZAEMPISHR UNEK.
You feel stable enough to blink again.
Casting: Blink (safe; 4% risk of failure)
Confirm with . or Enter, or press ? or * to list all spells.
You don't know that spell.
Casting: Blink (safe; 4% risk of failure)
Confirm with . or Enter, or press ? or * to list all spells.
You blink.
Casting: Blink (safe; 4% risk of failure)
Confirm with . or Enter, or press ? or * to list all spells.
You are still too unstable to blink.
You feel stable enough to blink again.
A gnoll comes into view. It is wielding a +0 spear.
The iguana attacks as you move away! The iguana bites you!
You die...

#... .#. #...
#####.. #... .....g
#...#.##..
.....#.###### #
###)###.#....# +.
#.........# #..
#l#.###...#
#...#####@#.##....#
.........#....?..#
#.#.....####....# #
#.#.#...........#
#.#.#
#.#.####.#..##
##.#.#
#.#..........# .
... #.#.......#..#
#.#.#
#.#.#####.#..#
#.#.###.#.# #.####


You could see an iguana.

Vanquished Creatures
  An adder (D:2)
  5 bats
  3 endoplasms
  3 giant cockroaches
  7 goblins
  3 hobgoblins
  2 quokkas
  2 ball pythons (D:2)
  A frilled lizard (D:1)
  3 kobolds
  5 rats
35 creatures vanquished.

Notes
Turn   | Place    | Note
-------+----------+-------------------------------------------
     0 | D:1      | jamesp the Gnoll Warper began the quest for the Orb.
     0 | D:1      | Reached XP level 1. HP: 20/20 MP: 6/6
   163 | D:1      | Reached XP level 2. HP: 18/26 MP: 7/7
   523 | D:1      | Learned a level 2 spell: Blink
   598 | D:1      | Found a faded altar of an unknown god.
   806 | D:2      | Reached skill level 5 in Spellcasting
   806 | D:2      | Reached XP level 3. HP: 29/31 MP: 7/9
   937 | D:2      | Identified the amulet of Amelioration {Acrobat *Slow rElec
                  | rPois Str+2}
  1006 | D:2      | Reached skill level 1 in Invocations
  1449 | D:2      | Reached skill level 1 in Short Blades
  1449 | D:2      | Reached skill level 1 in Long Blades
  1449 | D:2      | Reached skill level 1 in Axes
  1449 | D:2      | Reached skill level 1 in Maces & Flails
  1449 | D:2      | Reached skill level 1 in Staves
  1449 | D:2      | Reached skill level 1 in Ranged Weapons
  1449 | D:2      | Reached skill level 1 in Stealth
  1449 | D:2      | Reached skill level 1 in Shields
  1449 | D:2      | Reached skill level 1 in Unarmed Combat
  1449 | D:2      | Reached skill level 1 in Evocations
  1573 | D:3      | HP: 1/31 [iguana (6)]
  1591 | D:3      | Slain by an iguana

Illustrated notes

Levels and vault maps discovered:
D:1:      dpeg_arrival_round_c, layout_rooms, serial_corexii_hall,
          corexii_hall_statues_i, corexii_hall_statues_i, basic_ecumenical_altar
D:2:      layout_basic, chequers_serial_rivers_micro_a
D:3:      minmay_wonky_spiral, layout_basic, minmay_lizard_king

Skill      XL: |  1  2  3 |
---------------+----------+-----
Spellcasting   | 5 |  5.0
Invocations    | 1 |  1.0
Short Blades   | 1 |  1.0
Long Blades    | 1 |  1.0
Axes           | 1 |  1.0
Maces & Flails | 1 |  1.0
Staves         | 1 |  1.0
Ranged Weapons | 1 |  1.0
Stealth        | 1 |  1.0
Shields        | 1 |  1.0
Unarmed Combat | 1 |  1.0
Evocations     | 1 |  1.0
Fighting       | |  4.6
Polearms       | |  4.6
Throwing       | |  2.6
Armour         | |  2.6
Dodging        | |  4.6
Conjurations   | |  0.7
Hexes          | |  0.7
Summonings     | |  0.7
Necromancy     | |  0.7
Translocations | |  5.4
Transmutations | |  0.7
Fire Magic     | |  0.7
Ice Magic      | |  0.7
Air Magic      | |  0.7
Earth Magic    | |  0.7
Poison Magic   | |  0.7

Action                   || total
-------------------------++-------
Melee: Spear             ||   133
       Bite              ||    12
Throw: Stone             ||     8
 Cast: Blink             ||     2
  Use: Scroll            ||     2
Armor: Leather armour    ||    27
Dodge: Dodged            ||    65
